 Dungeon Crawl Stone Soup version 0.20-a0-1034-gb277f92 (webtiles) character file.

15 Duffy the Shield-Bearer (level 2, -3/28 HPs)
             Began as a Naga Fighter on Apr 21, 2017.
             Slain by a hobgoblin (4 damage)
             ... on level 3 of the Dungeon.
             The game lasted 00:00:26 (580 turns).

Duffy the Shield-Bearer (Naga Fighter)               Turns: 580, Time: 00:00:26

Health: -3/28      AC:  4    Str: 18    XL:     2   Next: 50%
Magic:  2/2        EV:  5    Int:  8    God:
Gold:   0          SH:  8    Dex: 10    Spells: 1/1 levels left

rFire    . . .     SeeInvis +   a - +0 war axe
rCold    . . .     Gourm    .   c - +0 shield
rNeg     . . .     Faith    .   b - +0 scale mail
rPois    +         Spirit   .   (no helmet)
rElec    .         Reflect  .   (no cloak)
rCorr    .         Harm     .   (no gloves)
MR       .....                  (no barding)
Stlth    ..........             (no amulet)
Regen    0.1/turn               (no ring)
MPRegen  0.1/turn               (no ring)

@: lethally poisoned (-3 -> -6), very slow
A: see invisible, deformed body, poison resistance, slowness 2, slow metabolism
1, spit poison 1, AC +0
a: Spit Poison


You were on level 3 of the Dungeon.
You were not hungry.

You visited 1 branch of the dungeon, and saw 3 of its levels.

Inventory:

Hand Weapons
 a - a +0 war axe (weapon)
Armour
 b - a +0 scale mail (worn)
 c - a +0 shield (worn)
Scrolls
 e - a scroll of identify {unknown}
Potions
 d - a potion of might
Comestibles
 f - 2 bread rations
 g - 4 chunks of flesh
 h - a royal jelly


   Skills:
 - Level 3.0 Fighting
 - Level 2.0 Axes
 - Level 2.4 Armour
 + Level 3.1 Shields


You had one spell level left.
You didn't know any spells.

Dungeon Overview and Level Annotations

Branches:
Dungeon (3/15)

Altars:
Elyvilon


Innate Abilities, Weirdness & Mutations

You cannot wear boots.
Your serpentine skin is tough. (AC +0)
You have supernaturally acute eyesight. (SInv)
Armour fits poorly on your strangely shaped body.
Your system is resistant to poisons. (rPois)
You cover ground very slowly.
You have a slow metabolism.
You can spit poison.


Message History

You are too injured to fight recklessly!
You are too injured to fight recklessly!
You are too injured to fight recklessly!
You are too injured to fight recklessly!
You are too injured to fight recklessly!
You are too injured to fight recklessly!
You miss the adder. You closely miss the hobgoblin.
You feel sick. The hobgoblin completely misses you.
You block the adder's attack. The hobgoblin barely misses you.
The adder bites you but does no damage.
You closely miss the adder. You closely miss the hobgoblin.
You block the adder's attack.
The hobgoblin hits you but does no damage.
The adder bites you but does no damage.
You miss the adder. You barely miss the hobgoblin.
You feel sick. You block the hobgoblin's attack. The adder bites you.
The hobgoblin hits you. The adder bites you.
Your shield and scale mail prevent you from hitting the adder.
Your shield and scale mail prevent you from hitting the hobgoblin.
The adder bites you. The hobgoblin hits you.
You die...

...####...............
.....................###.
..#.......(...[.~~~......
..#............~~~~~$$...
...............~~7~~.....
#....##........~~~~~.....
##......###7...~~~...7
#....(### 77...%..(77
#......## 77.@...77
#......<# 77Sg.77
#.....### .o...7 #.....#
.......7 #....<#
...~~~...7 #.....#
7..~~~~~..7 #......
...~~_~~...7 #######.
77..~~~~~..77 .#


You could see an adder, an orc and a hobgoblin.

Vanquished Creatures
  2 worms
  A goblin (D:1)
  A hobgoblin (D:2)
  A quokka (D:3)
  2 frilled lizards (D:2)
  2 kobolds
  2 rats (D:2)
11 creatures vanquished.

Notes
Turn   | Place    | Note
-------+----------+-------------------------------------------
     0 | D:1      | Duffy the Naga Fighter began the quest for the Orb.
     0 | D:1      | Reached XP level 1. HP: 21/21 MP: 1/1
   413 | D:2      | Reached XP level 2. HP: 25/28 MP: 2/2
   565 | D:3      | Found a white marble altar of Elyvilon.
   580 | D:3      | HP: 1/28 [adder (4)]
   580 | D:3      | Slain by a hobgoblin

Vault maps used:
D:1:      evilmike_arrival_crescent, grunt_decor_mini_mirrors
D:2:      overflow_temple_1_default, xom_butterflies,
          nicolae_overflow_hidden_temple, minivault_24, eino_tiny_chamber,
          kennysheep_potato, uniq_sigmund
D:3:      elyvilon_altar_3

Skill      XL: |  1  2 |
---------------+-------+-----
Shields        | 3 |  3.1
Fighting       | |  3.0
Axes           | |  2.0
Armour         | |  2.4

Action                   || total
-------------------------++-------
Melee: War axe           ||    44
Armor: Scale mail        ||    13
Dodge: Dodged            ||     9
Block: Shield            ||    24
